 Dungeon Crawl Stone Soup version 0.31.0-9-g3a7656b989 (webtiles) character file.

Game seed: 4748005398229461788

1017 qw the Skirmisher (level 8, -3/44 HPs)
             Began as a Deep Elf Hunter on Feb 2, 2024.
             Was a Follower of Okawaru.
             Slain by Duvessa
             ... wielding a +0 short sword
              (11 damage)
             ... on level 5 of the Dungeon.
             The game lasted 00:00:16 (4067 turns).

qw the Skirmisher (Deep Elf Hunter)                 Turns: 4067, Time: 00:00:17

Health: -3/44      AC:  6    Str: 16    XL:     8   Next: 1%
Magic:  11/13      EV: 16    Int: 15    God:    Okawaru [*.....]
Gold:   203        SH:  0    Dex: 18    Spells: 7/7 levels left

rFire   . . .        b - +9 triple crossbow (drain)
rCold   . . .        (shield currently unavailable)
rNeg    . . .        g - +0 ring mail
rPois   .            (no helmet)
rElec   .            (no cloak)
rCorr   .            (no gloves)
SInv    .            (no boots)
Will    .....        (no amulet)
Stlth   +++          k - +6 ring of strength
HPRegen 0.27/turn    (no ring)
MPRegen 0.13/turn

%: no passive effects
@: heroic
A: no striking features
a: Renounce Religion, Heroism


You were on level 5 of the Dungeon.
You worshipped Okawaru.
Okawaru was aware of your devotion.
You visited 1 branch of the dungeon, and saw 5 of its levels.

You collected 203 gold pieces.


   Skills:
 - Level 2.0(7.0) Fighting
 + Level 11.3(16.3) Ranged Weapons
 - Level 4.1(9.1) Dodging
 - Level 1.2(6.2) Stealth
 - Level 4.0 Invocations


You had 7 spell levels left.
You didn't know any spells.
Your spell library was empty.

Inventory:

Hand Weapons
 b - a +9 triple crossbow of draining (weapon)
Armour
 g - a +0 ring mail (worn)
Jewellery
 k - a +6 ring of strength (left hand)
Wands
 h - a wand of flame (6)
 i - a wand of acid (11)
Scrolls
 a - a scroll of identify
Potions
 c - a potion of enlightenment
 d - a potion of mutation
 e - a potion of curing
 l - a potion of might {unknown}

Dungeon Overview and Level Annotations

Branches:
Dungeon (5/15)
 Temple: D:4-7

Altars:
Fedhas
Nemelex Xobeh
Okawaru
Ru

Annotations:
D:4 1 runed translucent door, Crazy Yiuf
D:5 Duvessa


Message History

Okawaru accepts your kill.
You feel extremely sick.
4061 ||| READING scroll of teleportation.
As you read the scroll of teleportation, it crumbles to dust.
You feel strangely unstable.
You feel very sick. The gnoll hits you but does no damage.
4062 ||| DRINKING potion of heal wounds.
You feel much better.
You feel very sick. The gnoll hits you with a +0 club.
You shoot a bolt. The bolt hits the gnoll!
You drain the gnoll.
You kill the gnoll!
Okawaru accepts your kill.
Your surroundings suddenly seem different.
Duvessa and Dowan come into view.
Dowan is wielding a +0 dagger and carrying a wand of flame.
You feel very sick. Dowan gestures at you while chanting.
The puff of flame hits you but does no damage.
You shoot a bolt. The bolt misses Dowan.
You feel sick.
Duvessa shouts!
You shoot a bolt. The bolt hits Dowan!!
You kill Dowan!
Okawaru accepts your kill.
Duvessa screams, "No!
How DARE you!"
Duvessa goes berserk!
You feel sick.
Duvessa rages.
You have reached level 8!
You feel clever.
4066 ||| INVOKING Heroism.
You gain the combat prowess of a mighty hero.
You feel sick. Duvessa hits you with a +0 short sword!
You shoot a bolt. The bolt hits Duvessa!
Duvessa is lightly wounded.
You feel sick.
You are no longer poisoned.
Duvessa hits you with a +0 short sword!
You die...

>. #...##.
#####...........# #.#
#...
####.......##.####.# #.#
#...........#.####.# #.#
#...............##.# #.#
#..................###..
#........#............##
##.......#............##
....).e..#......#...[.'.
.......@.#......#.....##
.........#......#)....##
.........#......#.....##
.....#####......#.....##
##### #......#.....##
#.....## #.....##
######## #


You could see Duvessa (berserk).

Vanquished Creatures
  Grinder (D:5)
  A phantom (D:5)
  A gnoll sergeant (D:5)
  2 scorpions
  Dowan (D:5)
  A bombardier beetle (D:4)
  A hound (D:5)
  An orc priest (D:5)
  5 iguanas
  Natasha (thrice) (D:3)
  Terence (D:3)
  6 adders
  5 gnolls
  A ribbon worm (D:4)
  3 dart slugs
  13 orcs
  8 endoplasms
  2 giant cockroaches (D:2)
  8 goblins
  7 hobgoblins
  3 jackals (D:3)
  5 quokkas
  7 ball pythons
  4 bats
  4 frilled lizards
  7 kobolds
  13 rats
114 creatures vanquished.

Notes
Turn   | Place    | Note
-------+----------+-------------------------------------------
     0 | D:1      | qw the Deep Elf Hunter began the quest for the Orb.
     0 | D:1      | Reached XP level 1. HP: 12/12 MP: 3/3
     0 | D:1      | 0 ||| qw: Version: 0.3-a-155-g5e7d8dd
     0 | D:1      | 0 ||| qw: Game counter: 1109
     0 | D:1      | 0 ||| qw: Melee chars always use a shield: true
     0 | D:1      | 0 ||| qw: God list: Okawaru
     0 | D:1      | 0 ||| qw: Allow faded altars: false
     0 | D:1      | 0 ||| qw: Do Orc after clearing Dungeon:15 true
     0 | D:1      | 0 ||| qw: Do second Lair branch before Depths: true
     0 | D:1      | 0 ||| qw: Lair rune preference: random
     0 | D:1      | 0 ||| qw: Goals: Normal
     0 | D:1      | 0 ||| PLANNING D:1-11
   241 | D:1      | Reached XP level 2. HP: 16/16 MP: 4/4
   322 | D:1      | Reached skill level 6 in Ranged Weapons
   648 | D:1      | Reached XP level 3. HP: 20/20 MP: 5/5
   861 | D:1      | 861 ||| DROPPING ring of flight.
   862 | D:1      | 862 ||| READING 3 scrolls labelled WATHOFOEME.
   863 | D:1      | 863 ||| READING 2 scrolls labelled TUWIODGH TOTHA.
   866 | D:1      | 866 ||| READING scroll labelled GOXTUMOHUS.
   867 | D:1      | 867 ||| READING scroll labelled QOUTITS ALAE.
   867 | D:1      | 867 ||| ENCHANTING +0 shortbow.
   868 | D:1      | 868 ||| READING scroll labelled WYFO FAJIOL.
   868 | D:1      | 868 ||| IDENTIFYING black potion
   869 | D:1      | 869 ||| READING scroll labelled SOMEHA MIZIS.
   870 | D:1      | 870 ||| DROPPING scroll of butterflies.
   871 | D:1      | 871 ||| DROPPING 2 scrolls of noise.
   873 | D:1      | 873 ||| Stepping ~*~*~tactically~*~*~ (cloud).
   881 | D:1      | HP: 5/20 [poisoned by you (poison gas)]
  1165 | D:2      | Reached skill level 7 in Ranged Weapons
  1672 | D:2      | 1672 ||| UPGRADING to +0 ring mail.
  1682 | D:2      | 1682 ||| DROPPING +0 leather armour.
  1683 | D:2      | 1683 ||| READING 3 scrolls of identify.
  1683 | D:2      | 1683 ||| IDENTIFYING inky potion
  1684 | D:2      | 1684 ||| READING 2 scrolls of identify.
  1684 | D:2      | 1684 ||| IDENTIFYING 2 lumpy white potions
  1685 | D:2      | 1685 ||| READING scroll of identify.
  1685 | D:2      | 1685 ||| IDENTIFYING scroll labelled OZEUCI BOURUMA
  1685 | D:2      | Identified a scroll of acquirement
  1686 | D:2      | 1686 ||| READING scroll of acquirement.
  1686 | D:2      | 1686 ||| ACQUIRING +7 triple crossbow of draining
  1686 | D:2      | Acquired a +7 triple crossbow of draining
  1688 | D:2      | 1688 ||| SWAPPING to +7 triple crossbow of draining.
  1689 | D:2      | 1689 ||| DROPPING +1 shortbow.
  1690 | D:2      | 1690 ||| READING scroll labelled MOSTER DOSAE.
  1713 | D:3      | Found a blossoming altar of Fedhas.
  1732 | D:3      | Found an iron altar of Okawaru.
  1733 | D:3      | 1733 ||| PLANNING OKAWARU WORSHIP
  1741 | D:3      | Became a worshipper of Warmaster Okawaru
  1742 | D:3      | 1742 ||| PLANNING D:1-11
  1938 | D:3      | Reached XP level 4. HP: 25/25 MP: 6/6
  1968 | D:3      | Noticed Terence
  1970 | D:3      | HP: 6/25 [Terence/+4 heavy trident (19)]
  1971 | D:3      | 1971 ||| READING 3 scrolls of teleportation.
  1972 | D:3      | 1972 ||| DRINKING 3 potions of heal wounds.
  1973 | D:3      | Killed Terence
  2029 | D:3      | Noticed Natasha
  2033 | D:3      | Killed Natasha
  2034 | D:3      | Reached skill level 8 in Ranged Weapons
  2063 | D:3      | Noticed Natasha
  2064 | D:3      | 2064 ||| FLEEEEING.
  2065 | D:3      | 2065 ||| FLEEEEING.
  2066 | D:3      | 2066 ||| FLEEEEING.
  2067 | D:3      | 2067 ||| FLEEEEING.
  2068 | D:3      | 2068 ||| FLEEEEING.
  2069 | D:3      | 2069 ||| FLEEEEING.
  2070 | D:3      | 2070 ||| FLEEEEING.
  2071 | D:3      | 2071 ||| FLEEEEING.
  2072 | D:3      | 2072 ||| FLEEEEING.
  2073 | D:3      | Killed Natasha
  2074 | D:3      | Reached XP level 5. HP: 22/29 MP: 7/7
  2074 | D:3      | 2074 ||| FLEEEEING.
  2075 | D:3      | 2075 ||| FLEEEEING.
  2076 | D:3      | 2076 ||| FLEEEEING.
  2078 | D:3      | 2078 ||| FLEEEEING.
  2080 | D:3      | 2080 ||| FLEEEEING.
  2081 | D:3      | 2081 ||| FLEEEEING.
  2082 | D:3      | 2082 ||| FLEEEEING.
  2083 | D:3      | 2083 ||| FLEEEEING.
  2084 | D:3      | 2084 ||| FLEEEEING.
  2085 | D:3      | 2085 ||| FLEEEEING.
  2086 | D:3      | 2086 ||| FLEEEEING.
  2087 | D:3      | 2087 ||| FLEEEEING.
  2088 | D:3      | 2088 ||| FLEEEEING.
  2089 | D:3      | 2089 ||| FLEEEEING.
  2090 | D:3      | 2090 ||| FLEEEEING.
  2091 | D:3      | 2091 ||| FLEEEEING.
  2189 | D:3      | Noticed Natasha
  2190 | D:3      | 2190 ||| FLEEEEING.
  2191 | D:3      | 2191 ||| FLEEEEING.
  2192 | D:3      | 2192 ||| FLEEEEING.
  2193 | D:3      | 2193 ||| FLEEEEING.
  2194 | D:3      | 2194 ||| FLEEEEING.
  2194 | D:3      | HP: 7/29 [Natasha/puff of flame (10)]
  2195 | D:3      | 2195 ||| READING 2 scrolls of teleportation.
  2196 | D:3      | 2196 ||| DRINKING 2 potions of heal wounds.
  2197 | D:3      | 2197 ||| FLEEEEING.
  2198 | D:3      | 2198 ||| FLEEEEING.
  2230 | D:3      | Killed Natasha
  2276 | D:3      | 2276 ||| READING scroll of enchant weapon.
  2276 | D:3      | 2276 ||| ENCHANTING +7 triple crossbow of draining.
  2316 | D:3      | Found a faded altar of an unknown god.
  2365 | D:3      | Reached skill level 9 in Ranged Weapons
  2520 | D:3      | 2520 ||| UPGRADING to +6 ring of strength.
  2521 | D:3      | 2521 ||| READING scroll of identify.
  2521 | D:3      | 2521 ||| IDENTIFYING lumpy orange potion
  2659 | D:4      | Found a sparkling altar of Nemelex Xobeh.
  2698 | D:4      | Reached skill level 3 in Dodging
  2699 | D:4      | 2699 ||| FLEEEEING.
  2700 | D:4      | 2700 ||| FLEEEEING.
  2701 | D:4      | 2701 ||| FLEEEEING.
  2702 | D:4      | 2702 ||| FLEEEEING.
  2703 | D:4      | 2703 ||| FLEEEEING.
  2880 | D:4      | Reached XP level 6. HP: 35/35 MP: 8/8
  2996 | D:4      | Reached * piety under Okawaru
  3037 | D:4      | 3037 ||| READING scroll of enchant weapon.
  3037 | D:4      | 3037 ||| ENCHANTING +8 triple crossbow of draining.
  3060 | D:4      | Found a runed translucent door.
  3061 | D:4      | Noticed Crazy Yiuf
  3589 | D:5      | Entered Level 5 of the Dungeon
  3683 | D:5      | Reached skill level 10 in Ranged Weapons
  3683 | D:5      | Reached skill level 1 in Invocations
  3747 | D:5      | Reached XP level 7. HP: 40/40 MP: 10/10
  3886 | D:5      | Reached skill level 3 in Invocations
  3937 | D:5      | Noticed Grinder
  3938 | D:5      | 3938 ||| INVOKING Heroism.
  3939 | D:5      | Killed Grinder
  3940 | D:5      | Reached skill level 11 in Ranged Weapons
  4001 | D:5      | Found a sacrificial altar of Ru.
  4056 | D:5      | 4056 ||| RETREEEEATING.
  4057 | D:5      | 4057 ||| RETREEEEATING.
  4060 | D:5      | HP: 7/40 [poisoned by a gnoll]
  4061 | D:5      | 4061 ||| READING scroll of teleportation.
  4062 | D:5      | 4062 ||| DRINKING potion of heal wounds.
  4063 | D:5      | Noticed Duvessa
  4063 | D:5      | Noticed Dowan
  4065 | D:5      | Killed Dowan
  4066 | D:5      | Reached XP level 8. HP: 20/44 MP: 13/13
  4066 | D:5      | 4066 ||| INVOKING Heroism.
  4066 | D:5      | HP: 9/44 [Duvessa/+0 short sword (10)]
  4067 | D:5      | Slain by Duvessa

Levels and vault maps discovered:
D:1:      eino_arrival_tree_alley, layout_loops_corners, minmay_tetromino_o4
D:2:      layout_basic
D:3:      layout_basic, mainiacjoe_overflow_catch_the_wave,
          ebering_ecumenical_altar_abandoned, uniq_terence, uniq_natasha
D:4:      layout_loops_ring, overflow_temple_1_default, minmay_curled_crystal,
          uniq_crazy_yiuf_cottage
D:5:      layout_basic, mainiacjoe_overflow_alcove_4, grunt_ministairs_6,
          kennysheep_generic_room_10, uniq_duvessa, uniq_grinder

Skill      XL: |  1  2  3  4  5  6  7 |
---------------+----------------------+-----
Ranged Weapons | 6 7 8 9 10 11 | 11.3
Fighting       | 2 |  2.0
Dodging        | 3 4 |  4.1
Invocations    | 2 4 |  4.0
Stealth        | |  1.2

Action                     |  1- 3 |  4- 6 |  7- 9 || total
---------------------------+-------+-------+-------++-------
   Fire: Shortbow          |    88 |       |       ||    88
         Triple crossbow   |     8 |    92 |    28 ||   128
 Invoke: Heroism           |       |       |     2 ||     2
    Use: Scroll            |    11 |     5 |     1 ||    17
         Potion            |       |     2 |     1 ||     3
 Armour: Leather armour    |    14 |       |       ||    14
         Ring mail         |       |    30 |    13 ||    43
  Dodge: Dodged            |    16 |    25 |     2 ||    43

Table legend:
 A = Non-vault XP
 B = Vault XP
 C = Vault XP percentage of total XP
 D = Non-vault monster count
 E = Vault monster count
 F = Vault count percentage of total count
                 A         B        C        D         E       F
            +---------+---------+-------+---------+---------+-------
      Total |     957 |     496 |  34.1 |     106 |       8 |   7.0
            +---------+---------+-------+---------+---------+-------
        D:1 |      47 |       3 |   6.0 |      23 |       2 |   8.0
        D:2 |      30 |       0 |   0.0 |      17 |       0 |   0.0
        D:3 |     130 |      66 |  33.7 |      27 |       2 |   6.9
        D:4 |     270 |       0 |   0.0 |      23 |       0 |   0.0
        D:5 |     480 |     427 |  47.1 |      16 |       4 |  20.0
            +---------+---------+-------+---------+---------+-------
